 Dungeon Crawl Stone Soup version 0.28-a0-1117-g0bdd5ba030 (webtiles) character file.

Game seed: 10287607197835521946

315 Goblin1989 the Firebug (level 6, 0/47 HPs)
             Began as a Demonspawn Cinder Acolyte on Dec 9, 2021.
             Was a High Priest of Ignis.
             Shot with an arrow by a centaur (10 damage)
             ... on level 4 of the Dungeon on Dec 12, 2021.
             The game lasted 00:14:57 (4265 turns).

Goblin1989 the Firebug (Demonspawn Cinder Acolyte)  Turns: 4265, Time: 00:14:58

Health: 0/47       AC:  2    Str: 14    XL:     6   Next: 19%
Magic:  11/11      EV: 11    Int: 17    God:    Ignis [*****.]
Gold:   151        SH:  0    Dex:  9    Spells: 5/11 levels left

rFire   + . .      SeeInvis .   a - -1 hand axe (flame)
rCold   . . .      Faith    .   (no shield)
rNeg    . . .      Spirit   .   b - +0 robe
rPois   .          Reflect  .   (helmet restricted)
rElec   .          Harm     .   (no cloak)
rCorr   .          Rampage  .   (no gloves)
Will    .....                   (no boots)
Stlth   +.........              (no amulet)
HPRegen 0.15/turn               (no ring)
MPRegen 0.24/turn               (no ring)

@: no status effects
A: antennae 1, ignite blood 2, magic regeneration
a: Renounce Religion, Fiery Armour, Foxfire Swarm, Rising Flame


You were on level 4 of the Dungeon.
You worshipped Ignis.
Ignis was extremely pleased with you.
You visited 1 branch of the dungeon, and saw 4 of its levels.

You collected 151 gold pieces.

Inventory:

Hand Weapons
 a - a -1 hand axe of flaming (weapon)
Missiles
 d - 4 boomerangs (quivered)
 i - 16 poisoned darts
Armour
 b - a +0 robe (worn)
 g - a +0 pair of boots
Scrolls
 c - 2 scrolls of teleportation {unknown}
 f - 2 scrolls of fear {unknown}
 h - 2 scrolls of identify {unknown}
 j - a scroll of torment {unknown}
 l - a scroll of fog {unknown}
 m - a scroll of immolation {unknown}
 o - a scroll of summoning {unknown}
 r - a scroll of enchant armour {unknown}
Potions
 e - 3 potions of heal wounds
 k - a potion of attraction {unknown}
 n - a potion of ambrosia {unknown}
 p - a potion of berserk rage {unknown}
 q - a potion of mutation {unknown}


   Skills:
 - Level 3.0 Fighting
 - Level 3.1 Axes
 + Level 3.3 Spellcasting
 * Level 3.6 Necromancy
 + Level 4.0 Fire Magic


You had 5 spell levels left.
You knew the following spells:

 Your Spells              Type           Power      Damage    Failure   Level
a - Scorch                Fire           32%        2d7       4%          2
E - Animate Dead          Necr           7%         N/A       36%         4

Your spell library contained the following spells:

 Spells                   Type           Power      Damage    Failure   Level
 Static Discharge         Conj/Air       2%         N/A       26%         2
 Haunt                    Necr/Summ      4%         N/A       100%        7
 Infestation              Necr           7%         N/A       100%        8
 Chain Lightning          Conj/Air       1%         3d1       100%        9
 Shatter                  Erth           1%         3d5*      100%        9


Dungeon Overview and Level Annotations

Branches:
Dungeon (4/15)
 Temple: D:4-7

Altars:
Hepliaklqana
Okawaru

Shops:
D:1 (


Innate Abilities, Weirdness & Mutations

You have a pair of small antennae on your head.
Your demonic aura often causes spilled blood to erupt in flames.
You regenerate magic rapidly.


Message History

You now have 0/11 mp.
Unknown command.
Unknown command.
Unknown command.
You see here a jackal corpse.
The kobold throws a stone.
The stone closely misses you.
You see here a +0 giant spiked club.
The kobold throws a stone.
The stone misses you. The kobold closely misses you.
You hit the kobold but do no damage. The kobold hits you but does no damage.
You barely miss the kobold. The kobold barely misses you.
The kobold closely misses you.
You hit the kobold but do no damage.
The kobold hits you with a +0 short sword.
You take 5 damage, and have 42/47 hp.
You hit the kobold. You burn the kobold.
The kobold is heavily wounded.
The kobold hits you with a +0 short sword.
You take 4 damage, and have 38/47 hp.
You hit the kobold but do no damage.
The kobold is heavily wounded.
The kobold misses you.
You hit the kobold. You burn the kobold.
You kill the kobold!
Things that are here:
a +0 short sword; 2 stones {@Q3}; a kobold corpse
Casting: Scorch (safe; 4% risk of failure)
Confirm with . or Enter, or press ? or * to list all spells.
The spell is quite dangerous to miscast (36% risk of failure)!
Continue anyway?
You call on the dead to rise...
The dead are walking!
You now have 0/11 mp.
Found a sapphire potion.
You pick up the Tome of Cloudy Stones and begin reading...
You add the spells Static Discharge, Chain Lightning and Shatter to your library.
Okay, then.
q - a sapphire potion You swap places.
Your kobold zombie crumbles into dust!
You now have 141 gold pieces (gained 7).
The kobold shouts!
The kobold throws a stone.
The stone closely misses you.
The kobold throws a stone.
The stone barely misses you.
The stone barely misses your jackal zombie.
There is a stone staircase leading up, spattered with blood here.
The kobold throws a stone.
The stone closely misses you. The stone hits your jackal zombie.
Casting: Animate Dead (quite dangerous; 36% risk of failure)
Confirm with . or Enter, or press ? or * to list all spells.
Flames lash the kobold.
You kill the kobold!
You now have 8/11 mp.
Casting: Scorch (safe; 4% risk of failure)
Confirm with . or Enter, or press ? or * to list all spells.
Okay, then.
Casting: Scorch (safe; 4% risk of failure)
Confirm with . or Enter, or press ? or * to list all spells.
The spell is quite dangerous to miscast (36% risk of failure)!
Continue anyway?
You call on the dead to rise...
The dead are walking!
You now have 5/11 mp.
Unknown command.
HP restored.
Your jackal zombie crumbles into dust!
You now have 151 gold pieces (gained 10).
Your kobold zombie crumbles into dust!
r - a scroll labelled IRITUEPSUI Health restored: 47; MP restored: 11
Found a dagger.
A centaur comes into view.
The centaur shouts!
The centaur wields a +0 shortbow.
The centaur shoots an arrow.
The arrow hits you!
A water moccasin comes into view.
You take 14 damage, and have 33/47 hp.
MASSIVE DAMAGE!!
The centaur shoots an arrow.
The arrow hits you!
You take 10 damage, and have 24/47 hp.
MASSIVE DAMAGE!!
The centaur shoots an arrow.
The arrow hits you!
* * * LOW HITPOINT WARNING * * *
You take 9 damage, and have 15/47 hp.
Okay, then.
Okay, then.
It was a potion of heal wounds.
You feel much better.
You regained 14 hp, and now have 29/47 hp.
The centaur shoots an arrow.
The arrow barely misses you.
The centaur shoots an arrow.
The arrow barely misses you.
The centaur shoots an arrow.
The arrow hits you!
* * * LOW HITPOINT WARNING * * *
You take 10 damage, and have 19/47 hp.
MASSIVE DAMAGE!!
The centaur shoots an arrow.
The arrow closely misses you.
The centaur shoots an arrow.
The arrow barely misses you.
The centaur shoots an arrow.
The arrow closely misses you.
The centaur shoots an arrow.
The arrow hits you.
* * * LOW HITPOINT WARNING * * *
You take 6 damage, and have 15/47 hp.
The centaur shoots an arrow.
The arrow misses you.
The centaur shoots an arrow.
The arrow hits you.
* * * LOW HITPOINT WARNING * * *
There is a stone staircase leading up, spattered with blood here.
You take 6 damage, and have 9/47 hp.
The centaur shoots an arrow.
The arrow hits you!
You die... ████████████

█..........█
█......(...█
█..........█ █
██....).....█ .██
█...........█ ...█
████████...........█
█..██..(...(...@.......█
█.........██..........█
█.....<...██..████████
█.........██.██
██.........█..█
███..........█.██
.............█c█


██████ ......)......█S█ .....█ █.██...........█ .....█ You could see a water
moccasin and a centaur.

Vanquished Creatures
  A necrophage (D:4)
  An ogre (D:4)
  An iguana (D:4)
  6 adders
  A worm (D:2)
  A dart slug (D:1)
  An orc (D:3)
  11 endoplasms
  3 giant cockroaches (D:1)
  4 goblins
  5 hobgoblins
  5 jackals
  8 kobolds
  4 quokkas
  2 ball pythons
  2 frilled lizards (D:1)
  11 rats
67 creatures vanquished.

Notes
Turn   | Place    | Note
-------+----------+-------------------------------------------
     0 | D:1      | Goblin1989 the Demonspawn Cinder Acolyte began the quest
                  | for the Orb.
     0 | D:1      | Reached XP level 1. HP: 18/18 MP: 2/2
   285 | D:1      | Gained mutation: Your demonic aura sometimes causes spilled
                  | blood to erupt in flames. [demonic ancestry]
   285 | D:1      | Reached XP level 2. HP: 9/24 MP: 4/4
   467 | D:1      | Learned a level 2 spell: Scorch
   552 | D:1      | Upgraded the game from 0.28-a0-1080-g05a166d0ed to
                  | 0.28-a0-1087-gf3fc490d9d
  1247 | D:1      | Found Foxkawku's Antique Weapon Shop.
  1570 | D:2      | Found an iron altar of Okawaru.
  1649 | D:2      | Reached skill level 3 in Fire Magic
  1656 | D:2      | Gained mutation: You regenerate magic rapidly. [demonic
                  | ancestry]
  1656 | D:2      | Reached XP level 3. HP: 29/29 MP: 0/5
  1986 | D:2      | Gained mutation: Your demonic aura often causes spilled
                  | blood to erupt in flames. [demonic ancestry]
  1986 | D:2      | Reached XP level 4. HP: 34/35 MP: 2/7
  2003 | D:2      | Learned a level 4 spell: Animate Dead
  2492 | D:3      | Reached skill level 1 in Necromancy
  2898 | D:3      | Found Watsah's Weapon Boutique.
  3053 | D:3      | Found a hazy altar of Hepliaklqana.
  3178 | D:3      | Found a faded altar of an unknown god.
  3399 | D:4      | Upgraded the game from 0.28-a0-1087-gf3fc490d9d to
                  | 0.28-a0-1117-g0bdd5ba030
  3423 | D:4      | Noticed an ogre
  3799 | D:4      | Noticed a necrophage
  3825 | D:4      | Killed a necrophage
  3826 | D:4      | Reached XP level 5. HP: 13/41 MP: 0/9
  4048 | D:4      | Killed an ogre
  4049 | D:4      | Reached skill level 4 in Fire Magic
  4049 | D:4      | Gained mutation: You have a pair of small antennae on your
                  | head. [demonic ancestry]
  4049 | D:4      | Reached XP level 6. HP: 47/47 MP: 5/10
  4138 | D:4      | Got the Tome of Cloudy Stones
  4242 | D:4      | Noticed a water moccasin
  4265 | D:4      | Shot with an arrow by a centaur

Illustrated notes

Levels and vault maps discovered:
D:1:      dpeg_arrival_round_b, layout_basic, serial_shops,
          nicolae_shop_advertising_works [nicolae_subvault_shop_adworks],
          chequers_serial_rivers_micro_d
D:2:      layout_basic, basic_altar
D:3:      layout_basic, nzn_hepliaklqana_mist_gate, serial_shops,
          nicolae_diamond_shop, dilly_ecumenical_altar_fadedgnrine,
          serial_bayou_pond_c
D:4:      layout_rooms

Skill      XL: |  1  2  3  4  5 |
---------------+----------------+-----
Axes           | 3 |  3.1
Fire Magic     | 3 4 |  4.0
Spellcasting   | 2 3 |  3.3
Necromancy     | 2 3 |  3.6
Fighting       | |  3.0

Action                   |  1- 3 |  4- 6 || total
-------------------------+-------+-------++-------
Melee: Hand axe          |    40 |    19 ||    59
Throw: Boomerang         |     2 |     3 ||     5
 Cast: Scorch            |    26 |    49 ||    75
       Animate Dead      |       |     3 ||     3
  Use: Potion            |       |     1 ||     1
Armor: Robe              |    14 |     6 ||    20
Dodge: Dodged            |    39 |    33 ||    72

Table legend: (Time is in decaauts)
 A = Elapsed time spent in this place.
 B = Non-inter-level travel time spent in this place.
 C = Inter-level travel time spent in this place.
 D = Time resting spent in this place.
 E = Time spent auto-exploring this place.
 F = Levels seen in this place.
 G = Mean time per level.
                   A        B        C        D        E       F      G
               +--------+--------+--------+--------+--------+-----+--------+
         Total |   4278 |   4108 |    170 |   1331 |   2204 |   4 | 1069.5 |
       Dungeon |   4278 |   4108 |    170 |   1331 |   2204 |   4 | 1069.5 |
               +--------+--------+--------+--------+--------+-----+--------+

Top non-repeatable levels by time:
     D:1: 1494 daAuts
     D:3: 1225 daAuts
     D:2: 1000 daAuts
     D:4: 559 daAuts
